 Dungeon Crawl Stone Soup version 0.14-a0-3367-g7c2a7eb (webtiles) character file.

217 Mindmaker the Slasher (level 4, -2/31 HPs)
             Began as an Octopode Chaos Knight on Mar 19, 2014.
             Was a Plaything of Xom.
             Slain by a hippogriff (4 damage)
             ... on Level 3 of the Dungeon.
             The game lasted 00:10:43 (2467 turns).

Mindmaker the Slasher (Octopode Chaos Knight)       Turns: 2467, Time: 00:10:45

HP  -2/31        AC  1     Str 11      XL: 4   Next: 61%
MP   4/4         EV 13     Int 19      God: Xom
Gold 124         SH  0     Dex 12      Spells:  0 memorised,  3 levels left

rFire  . . .     SeeInvis .     a - +0 falchion (chaos)
rCold  . . .     Clarity  .     (no shield)
rNeg   . . .     Conserve .     (helmet restricted)
rPois  .         rCorr    .     (no amulet)
rElec  .         rRot     .     (no ring)
SustAb . .       Spirit   .     (no ring)
rMut   .         Warding  .     (no ring)
Saprov . . .     Stasis   .     (no ring)
MR     .....                    (no ring)
                                (no ring)
                                (no ring)
                                (no ring)

@: brilliant, not resistant to hostile enchantments, fairly stealthy
A: almost no armour, amphibious, 8 rings, constrict 8, camouflage 1, gelatinous
body 1
a: Renounce Religion


You were on level 3 of the Dungeon.
You worshipped Xom.
You were a very special plaything of Xom.
You were not hungry.

You visited 1 branch of the dungeon, and saw 3 of its levels.

You collected 124 gold pieces.

Inventory:

Hand weapons
 a - a +0,+0 falchion of chaos (weapon)
Missiles
 e - 17 darts (quivered)
 f - 14 exploding darts
Comestibles
 c - a bread ration
 j - a chunk of worm flesh
 p - 2 meat rations
Scrolls
 b - a scroll of noise {unknown}
 d - a scroll of teleportation {unknown}
 g - a scroll of recharging {unknown}
 h - 4 scrolls of identify {unknown}
 k - a scroll of fear
Potions
 m - a potion of poison {unknown}
 n - a potion of magic {unknown}
 q - a potion of might {unknown}


   Skills:
 - Level 3.0 Fighting
 - Level 5.0 Long Blades
 + Level 2.8 Dodging


You had 3 spell levels left.
You didn't know any spells.

Dungeon Overview and Level Annotations

Branches:
Dungeon (3/15)

Altars:
Okawaru


Innate Abilities, Weirdness & Mutations

You cannot wear most types of armour.
You are amphibious.
You can wear up to eight rings at the same time.
You can use your tentacles to constrict many enemies at once.
Your skin changes colour to match your surroundings (Stlth).
Your rubbery body absorbs attacks (AC +1).


Message History

The hippogriff bites you. The hippogriff pecks you.
The hippogriff barely misses you.
You slash the hippogriff! You freeze the hippogriff.
Smoke pours forth from your falchion of chaos!
You squeeze the hippogriff.
The hippogriff is heavily wounded.
The hippogriff completely misses you. The hippogriff pecks you.
* * * LOW HITPOINT WARNING * * *
The hippogriff claws you.
* * * LOW HITPOINT WARNING * * *
Drink which item? (? for menu, Esc to quit)
Okay, then.
Drink which item? (? for menu, Esc to quit)
You feel clever all of a sudden.
It was a potion of brilliance.
Xom roars with laughter!
Xom notices you.
Space twists in upon itself!
The hippogriff barely misses you. The hippogriff pecks you.
You die...
Xom thinks this is hilarious!

..## #.#####..##.# #.. .......
#####........##.# #.#
#......##.........#..##.###.##
##.......... ............%....#
..... #..###..##.#..##.###..#
###...####.......##........H...#
.......##........##.#.....###..##
.......##........# .#..........g.
#.#.#..##..###..@##.............#
#.#.#..#.........H§§.............
...............v.§§§(.....(......
.......#...###...§§.#.(.(........
...........# #...##.# ...?#.##..#
.<.....#...# #.... .. .##. #..#
...........# ##... ... .##..#
.......#..## ......... .....
......##..# ##.##..#.####.##..#


You could see a spatial vortex (wandering) and a hippogriff.

Vanquished Creatures
  5 adders
  2 worms
  A ball python (D:2)
  4 bats (D:2)
  3 giant cockroaches
  3 hobgoblins
  4 jackals (D:2)
  5 giant newts
  7 goblins
  9 kobolds
  5 rats
48 creatures vanquished.

Notes
Turn   | Place    | Note
--------------------------------------------------------------
     0 | D:1      | Mindmaker, the Octopode Chaos Knight, began the quest for the Orb.
     0 | D:1      | Reached XP level 1. HP: 16/16 MP: 1/1
    69 | D:1      | XOM: silly message
   418 | D:1      | Reached XP level 2. HP: 11/21 MP: 2/2
   902 | D:2      | Reached skill level 4 in Long Blades
   902 | D:2      | Reached XP level 3. HP: 18/26 MP: 3/3
  1165 | D:2      | XOM: colour smoke trail
  1344 | D:2      | XOM: silly message
  1549 | D:2      | XOM is BORED!
  1549 | D:2      | XOM: mild Tloc miscast
  1624 | D:2      | Reached XP level 4. HP: 26/31 MP: 4/4
  1627 | D:2      | Found an iron altar of Okawaru.
  1810 | D:2      | XOM: summons 5 hostile shadow creatures
  2009 | D:3      | Reached skill level 5 in Long Blades
  2225 | D:3      | XOM: mild Pois miscast
  2358 | D:3      | XOM: 3-stop teleportation journey
  2381 | D:3      | Noticed a hippogriff
  2402 | D:2      | XOM: harmless Divn miscast
  2467 | D:3      | XOM: mild Tloc miscast
  2467 | D:3      | Slain by a hippogriff

Action                   |  1- 3 |  4- 6 || total
-------------------------+-------+-------++-------
Melee: Falchion          |    81 |    49 ||   130
Throw: Dart              |       |    31 ||    31
  Use: Potion            |     1 |     1 ||     2
       Scroll            |       |     3 ||     3
 Stab: Sleeping          |     3 |     1 ||     4
       Distracted        |       |     1 ||     1
